AoeStats
← hightower_208

Yucatan

510355854Analyzed
2v2 RM · 12h ago on Sep 30, 2026· 63m 53s· 4 players
Game mode
Random Map
Map size
Medium (4 player)
Population
200
Speed
Normal
Resources
Standard
Victory
Conquest
Starting age
Dark Age
Ending age
Imperial Age
RankedLock teamsTeams togetherTeam positionsShared explorationLock speedFull tech treeHidden civsTurbo modeCheats
Victory
Defeat
🇩🇪 Varangians · Germany
1712
+9
🇩🇪 Mongols · Germany
1696
+10
🇹🇼 Saxons · Taiwan
1571
-10
🇹🇼 Varangians · Taiwan
1546
-9
肉肉小狗
9:14 Feudal Age
8:18 Loom
12:50 Castle Age
11:49 Double-Bit Axe
12:16 Horse Collar
20:28 Wheelbarrow
21:18 Town Watch
22:36 Gold Mining
23:29 Hand Cart
24:32 Stone Mining
27:11 Stone Shaft Mining
30:04 Imperial Age
27:44 Scale Barding Armor
27:46 Treadmill Crane
28:35 Forging
29:05 Chain Barding Armor
28:59 Scale Mail Armor
29:28 Heavy Plow
30:43 Iron Casting
30:55 Bloodlines
30:45 Husbandry
31:35 Fortified Wall
32:08 Plate Barding Armor
31:55 Town Patrol
32:55 Conscription
33:36 Blast Furnace
33:28 Crop Rotation
33:12 Bow Saw
33:27 Fletching
33:39 Elite Jarl
34:31 Masonry
35:29 Siege Engineers
36:26 Chemistry
35:24 Bodkin Arrow
35:56 Ballistics
36:33 Bracer
36:14 Gothikon
36:59 Squires
37:05 Scale Mail Armor
36:46 Elite Longship
38:04 Fishing Lines
38:56 Architecture
40:51 Two-Man Saw
42:42 Murder Holes
55:04 Caravan
56:16 Chain Mail Armor
58:38 Careening
58:38 Clinker Construction
58:59 Shipwright
59:42 Gambesons
59:43 Arson
64:22 Dry Dock
好警察
7:40 Loom
10:11 Feudal Age
10:49 Double-Bit Axe
13:50 Castle Age
15:19 Bow Saw
16:57 Scale Mail Armor
18:30 Wheelbarrow
20:20 Arson
22:58 Chain Mail Armor
23:09 Squires
25:28 Horse Collar
29:09 Hand Cart
28:47 Town Watch
30:44 Sanctity
36:34 Imperial Age
34:14 Stone Mining
34:25 Gold Mining
34:57 Forging
35:24 Fletching
36:05 Bodkin Arrow
40:57 Imperial Age
39:41 Gold Shaft Mining
42:20 Plate Mail Armor
43:14 Bracer
46:11 Fishing Lines
46:56 Gillnets
46:46 Shield Wall
47:47 Conscription
49:11 Guilds
52:33 Two-Man Saw
52:00 Elite Hearth Troop
52:53 Heavy Plow
55:14 Iron Casting
55:41 Man-at-Arms
56:06 Gambesons
56:16 Long Swordsman
57:25 Two-Handed Swordsman
60:04 Champion
60:23 Pikeman
62:38 Halberdier
hightower_208
6:53 Loom
9:15 Feudal Age
12:50 Castle Age
11:11 Double-Bit Axe
14:22 Bow Saw
17:15 Horse Collar
19:43 Scale Mail Armor
20:55 Wheelbarrow
21:43 Chain Mail Armor
21:33 Squires
24:02 Hand Cart
29:19 Imperial Age
27:15 Gold Mining
27:17 Stone Mining
28:24 Gambesons
28:50 Forging
29:05 Town Watch
29:34 Heavy Plow
30:31 Iron Casting
30:43 Plate Mail Armor
29:35 Elite Varangian Guard
30:40 Gothikon
31:41 Conscription
32:53 Blast Furnace
32:02 Arson
32:44 Fletching
34:14 Masonry
35:36 Architecture
36:40 Bodkin Arrow
37:07 Ballistics
42:07 Onager
44:23 Siege Engineers
43:59 Treadmill Crane
45:21 Chemistry
51:34 Capped Ram
53:33 Two-Man Saw
53:02 Siege Ram
63:49 Caravan
Mjoelnir
6:34 Loom
8:50 Feudal Age
12:21 Castle Age
10:24 Double-Bit Axe
18:23 Horse Collar
21:17 Fletching
25:51 Bow Saw
26:18 Wheelbarrow
25:36 Gold Mining
26:13 Bodkin Arrow
26:52 Padded Archer Armor
29:16 Leather Archer Armor
34:14 Imperial Age
32:19 Ballistics
33:48 Thumb Ring
33:54 Bloodlines
33:45 Husbandry
34:25 Gold Shaft Mining
33:42 Stone Mining
35:07 Bracer
36:11 Chemistry
35:42 Elite Mangudai
38:11 Conscription
38:19 Parthian Tactics
39:57 Siege Engineers
42:01 Masonry
42:01 Fortified Wall
42:12 Shipwright
43:09 Drill
43:42 Capped Ram
45:58 Onager
47:34 Siege Onager
48:48 Siege Ram
52:56 Hoardings
52:23 Nomads
Connection lost

Rejoining the realm…

Still unreachable

The connection could not be restored.

Session expired

The server has moved on; the page needs a fresh start.